[Event "fics rated crazyhouse match"]
[Site "fics, Oklahoma City, OK USA"]
[Date "2000.01.30"]
[White "venomous"]
[WhiteElo "2448"]
[Black "Thufir"]
[BlackElo "2322"]
[TimeControl "60+0"]
[Result "1-0"]

1. e4 e6 2. d4 d5 3. e5 Nc6 4. Nh3 Nge7 5. Be3 Nf5 6. Be2 
Be7 7. O-O O-O 8. Nc3 f6 9. exf6 Bxf6 10. P@e5 Be7 11. Bg4 P@e4 
12. Bxf5 exf5 13. Nf4 Bg5 14. Nfxd5 Be6 15. Bxg5 Qxg5 16. B@f4 Qd8 17. P@e7 
Nxe7 18. Nxe7+ Qxe7 19. N@d5 Qf7 20. N@g5 Qe8 21. Nxe6 Qxe6 22. Nxc7 Qg6 
23. B@b3+ Kh8 24. P@g5 B@h5 25. f3 exf3 26. Rxf3 P@e4 27. P@h6 exf3 28. hxg7+ 
Qxg7 29. P@h6 P@f2+ 30. Kh1 fxg2+ 31. Kxg2 N@h4+ 32. Kxf2 R@g2+ 33. Ke3 B@f2+ 
34. Kd3 P@e4+ 35. Kc4 Qxc7+ 36. P@c5 N@b6+ 37. Kb4 N@d5+ 38. Nxd5 Nxd5+ 39. Bxd5 
a5+ 40. Ka4 b5+ 41. cxb6 Qd7+ 42. P@c6 P@b5+ 43. Kxb5 N@a7+ 44. Kxa5 Nxc6+ 
45. Kb5 P@a6+ 46. Kc4 Nxd4 47. P@g7+ Qxg7 48. hxg7+ Kxg7 49. N@e6+ Kh8 50. Q@g7# 
{Thufir checkmated} 1-0

[Event "fics rated crazyhouse match"]
[Site "fics, Oklahoma City, OK USA"]
[Date "2000.01.30"]
[White "Thufir"]
[WhiteElo "2317"]
[Black "venomous"]
[BlackElo "2453"]
[TimeControl "60+0"]
[Result "1-0"]

1. e4 e6 2. d4 Nc6 3. Nf3 Nf6 4. Be2 Nxe4 5. O-O d5 6. Bf4 
Be7 7. Nc3 O-O 8. Nxe4 dxe4 9. Ne5 Nxd4 10. c3 Nxe2+ 11. Qxe2 P@f6 
12. Ng4 B@d3 13. Qd2 Bxf1 14. N@h6+ Kh8 15. Qxd8 N@h3+ 16. gxh3 R@g2+ 17. Kxf1 
Rxf2+ 18. Kxf2 
{venomous resigns} 1-0

[Event "fics rated crazyhouse match"]
[Site "fics, Oklahoma City, OK USA"]
[Date "2000.01.30"]
[White "venomous"]
[WhiteElo "2442"]
[Black "Thufir"]
[BlackElo "2328"]
[TimeControl "60+0"]
[Result "1-0"]

1. b3 e6 2. Bb2 d5 3. e3 Nc6 4. Bb5 Bd7 5. Nf3 Nf6 6. O-O 
Be7 7. d3 O-O 8. Nbd2 e5 9. Bxc6 bxc6 10. Nxe5 Bd6 11. Nxd7 Qxd7 
12. P@e5 B@g4 13. f3 Bxe5 14. Bxe5 N@h5 15. fxg4 Qxg4 16. Qxg4 Nxg4 17. N@e7+ 
Kh8 18. Q@g5 Nxe5 19. Qxe5 P@f6 20. Qxh5 B@g6 21. Nxg6+ fxg6 22. Qe2 Rae8 
23. B@d7 N@d4 24. Qf2 Re7 25. exd4 Rxd7 26. B@e6 Re7 27. N@f7+ Rfxf7 28. Bxf7 
Q@f8 29. R@g8+ Qxg8 30. Bxg8 B@e3 31. N@f7+ Kxg8 32. Q@h8+ Kxf7 33. N@d8# 
{Thufir checkmated} 1-0

[Event "fics rated crazyhouse match"]
[Site "fics, Oklahoma City, OK USA"]
[Date "2000.01.30"]
[White "Thufir"]
[WhiteElo "2323"]
[Black "venomous"]
[BlackElo "2447"]
[TimeControl "60+0"]
[Result "1-0"]

1. e4 e6 2. d4 Nc6 3. Nc3 Nf6 4. e5 Nd5 5. Nf3 d6 6. exd6 
cxd6 7. Bd3 Nxc3 8. bxc3 N@d5 9. Bd2 Be7 10. O-O f5 11. N@h5 O-O 
12. c4 Nf6 13. P@g5 Nxh5 14. Ne5 dxe5 15. Qxh5 P@g6 16. Qe2 exd4 17. N@e5 
Nxe5 18. Qxe5 P@f6 19. gxf6 Bxf6 20. Qe2 P@e4 21. P@h6 exd3 22. cxd3 B@h4 
23. hxg7 Bxg7 24. P@h6 Bxh6 25. Bxh6 P@g7 26. Bf4 P@g5 27. Be5 N@d7 28. P@g3 
Nxe5 29. Qxe5 B@f6 30. Qe2 f4 31. gxh4 gxh4 32. N@e4 P@g3 33. hxg3 hxg3 
34. fxg3 fxg3 35. Nxg3 P@e3 36. B@h2 P@f2+ 37. Kh1 N@f4 38. Qf3 Nxd3 39. B@e4 
Ne5 40. Qf4 N@d3 41. Bxd3 Nxd3 42. Qf3 Ne5 43. Qd1 B@g4 44. P@f3 Bxf3 
45. gxf3 P@h3 46. P@g2 hxg2+ 47. Kxg2 P@h3+ 48. Kxh3 Nxf3 49. B@g4 Nxh2 50. Kxh2 
e5 51. P@g5 Bxg4 52. Qxg4 B@f5 53. B@e6+ Bxe6 54. Qxe6+ B@f7 55. N@h6+ gxh6 
56. Qh3 N@f3+ 57. Kg2 Nxg5 58. Qxh6 B@g7 59. Kh2 P@f3 60. Qxg7+ Bxg7 61. N@e7+ 
Qxe7 62. B@h3 
{venomous forfeits on time} 1-0

[Event "fics rated crazyhouse match"]
[Site "fics, Oklahoma City, OK USA"]
[Date "2000.01.30"]
[White "venomous"]
[WhiteElo "2436"]
[Black "Thufir"]
[BlackElo "2334"]
[TimeControl "60+0"]
[Result "1-0"]

1. e4 e6 2. d4 Nc6 3. Be3 d5 4. e5 Nge7 5. Nh3 Nf5 6. Be2 
Be7 7. O-O O-O 8. Nc3 f6 9. exf6 Bxf6 10. P@e5 Be7 11. Bg4 Nxe3 
12. fxe3 P@f5 13. Bh5 B@g6 14. Nf4 Bxh5 15. Nxh5 B@g4 16. B@e2 Bxe2 17. Nxe2 
B@g4 18. N@f4 Bg5 19. B@f3 Bxf3 20. gxf3 Bxf4 21. Nexf4 B@g5 22. B@g2 N@g6 
23. B@g3 Bxf4 24. exf4 N@b5 25. B@f2 a5 26. a4 Nba7 27. Qe2 Bd7 28. Bh3 
Be8 29. Kh1 Nge7 30. Nxg7 Kxg7 31. P@f6+ Kg8 32. Rg1 Ng6 33. Bh4 Bf7 
34. Bg5 N@c4 35. Bh6 Re8 36. Bg7 h5 37. Rg5 Nxb2 38. Rxh5 P@h7 39. c4 
Nxc4 40. Qxc4 P@h6 41. Qf1 Nxd4 42. Bxd4 P@b2 43. Bxb2 Nc6 44. Rxh6 Nb8 
45. Rxh7 Kxh7 46. N@g5+ Kg8 47. P@h7# 
{Thufir checkmated} 1-0

[Event "fics rated crazyhouse match"]
[Site "fics, Oklahoma City, OK USA"]
[Date "2000.01.30"]
[White "Thufir"]
[WhiteElo "2328"]
[Black "venomous"]
[BlackElo "2442"]
[TimeControl "60+0"]
[Result "0-1"]

1. e4 e6 2. d4 Nc6 3. Nf3 Nf6 4. e5 Nd5 5. Be2 d6 6. O-O 
dxe5 7. Nxe5 Nxe5 8. dxe5 P@d6 9. exd6 Bxd6 10. N@h5 Rg8 11. c4 Nf6 
12. Bg5 Nxh5 13. Bxd8 Nf4 14. Bg5 Nxe2+ 15. Qxe2 P@f6 16. Be3 B@e5 17. P@g3 
Bd7 18. P@d4 Bxd4 19. Bxd4 P@e5 20. Be3 N@d4 21. Bxd4 exd4 22. N@e4 B@c6 
23. Nxd6+ cxd6 24. B@b5 Bxb5 25. c5 Bxe2 26. N@c7+ Kf8 27. cxd6 N@h3+ 28. gxh3 
N@f3+ 29. Kh1 B@g2+ 30. Kxg2 Bxf1+ 31. Kxf1 R@g1+ 32. Ke2 Q@d1# 
{Thufir checkmated} 0-1

[Event "fics rated crazyhouse match"]
[Site "fics, Oklahoma City, OK USA"]
[Date "2000.01.30"]
[White "venomous"]
[WhiteElo "2447"]
[Black "Thufir"]
[BlackElo "2323"]
[TimeControl "60+0"]
[Result "1-0"]

1. e4 e6 2. d4 Nc6 3. Be3 Nf6 4. Bd3 d6 5. Nf3 Be7 6. Nc3 
O-O 7. O-O Ng4 8. Qe2 e5 9. d5 Nb4 10. Rae1 c6 11. dxc6 bxc6 
12. P@h3 Nxe3 13. fxe3 Nxd3 14. cxd3 P@g4 15. hxg4 Bxg4 16. N@f5 B@g6 17. N@g3 
B@h5 18. Nxh5 B4xh5 19. P@h3 P@e6 20. Nxe7+ Qxe7 21. g4 N@h4 22. Nxh4 Qxh4 
23. B@g2 N@g5 24. B@g3 Nxh3+ 25. Kh1 P@f2 26. Bxh4 fxe1=Q 27. Qxe1 Bxg4 28. Bxh3 
Bxh3 29. P@g2 Bxg2+ 30. Kxg2 B@h6 31. B@h3 N@h5 32. N@e7+ Kh8 33. N@g4 P@f4 
34. exf4 Nxf4+ 35. Rxf4 Bxf4 36. P@h6 Bxh6 37. Nxh6 R@f6 38. Bxf6 gxf6 39. B@g7+ 
Kxg7 40. N@f5+ exf5 41. Nexf5+ Bxf5 42. Nxf5+ Kg6 43. Q@g7+ Kh5 44. Qh4# 
{Thufir checkmated} 1-0

[Event "fics rated crazyhouse match"]
[Site "fics, Oklahoma City, OK USA"]
[Date "2000.01.30"]
[White "Thufir"]
[WhiteElo "2318"]
[Black "venomous"]
[BlackElo "2452"]
[TimeControl "60+0"]
[Result "1-0"]

1. e4 e6 2. d4 Nc6 3. Nf3 Nf6 4. e5 Nd5 5. Be2 d6 6. O-O 
dxe5 7. Nxe5 P@f6 8. Nxc6 bxc6 9. Nc3 Nxc3 10. bxc3 N@e4 11. Bd2 Nxd2 
12. Qxd2 Bd6 13. N@h5 Rg8 14. Bd3 B@f5 15. P@e4 Bg4 16. Nf4 Rb8 17. h3 
Bxf4 18. Qxf4 Bh5 19. N@g3 Bg6 20. e5 f5 21. B@g5 f6 22. exf6 gxf6 
23. N@e5 fxe5 24. dxe5 P@e7 25. P@f6 N@d5 26. fxe7 Nxe7 27. Bxe7 Qxe7 28. N@f6+ 
Kf7 29. P@h5 N@d5 30. Nxd5 exd5 31. N@h6+ Kg7 32. P@f6+ Kf8 33. fxe7+ Kxe7 
34. Q@f6+ Kd7 35. Nxg8 P@h2+ 36. Kxh2 
{venomous resigns} 1-0

[Event "fics rated crazyhouse match"]
[Site "fics, Oklahoma City, OK USA"]
[Date "2000.01.30"]
[White "venomous"]
[WhiteElo "2452"]
[Black "Thufir"]
[BlackElo "2318"]
[TimeControl "60+0"]
[Result "0-1"]

1. e4 e6 2. d4 Nf6 3. Bd3 Nc6 4. Be3 d6 5. Nf3 Be7 6. Nc3 
O-O 7. O-O e5 8. d5 Nb4 9. Qe2 Ng4 10. Rae1 Nxd3 11. cxd3 B@f4 
12. Bxf4 exf4 13. N@h5 B@g6 14. Nxf4 Bg5 15. Nxg6 fxg6 16. B@e6+ Bxe6 17. dxe6 
Rxf3 18. Qxf3 N@e5 19. P@f7+ Kh8 20. R@g8+ Qxg8 21. fxg8=Q+ Rxg8 22. Qxg4 R@f6 
23. Qxg5 N@f3+ 24. Kh1 Nxg5 25. f4 P@h3 26. Rg1 hxg2+ 27. Rxg2 B@f3 28. B@f1 
P@h3 29. Q@f2 hxg2+ 30. Bxg2 Bxg2+ 31. Qxg2 B@f3 32. Qxf3 Nexf3 33. fxg5 Nxe1 
34. B@g2 Nxg2 35. gxf6 Q@f1+ 36. R@g1 Qxg1+ 37. Kxg1 Q@e1+ 38. Kxg2 R@g1+ 39. Kh3 
R@h4# 
{venomous checkmated} 0-1

[Event "fics rated crazyhouse match"]
[Site "fics, Oklahoma City, OK USA"]
[Date "2000.01.30"]
[White "Thufir"]
[WhiteElo "2329"]
[Black "venomous"]
[BlackElo "2441"]
[TimeControl "60+0"]
[Result "1-0"]

1. e4 e6 2. d4 Nc6 3. Nf3 Nf6 4. e5 Nd5 5. Be2 d6 6. O-O 
dxe5 7. Nxe5 P@f6 8. Nxc6 bxc6 9. c4 Nb6 10. Be3 N@f5 11. Nc3 Ba6 
12. b3 Bb4 13. P@b2 Bxc3 14. bxc3 N@e4 15. B@d2 O-O 16. f3 Nxd2 17. Bxd2 
B@e3+ 18. Kh1 Bxd2 19. Qxd2 B@e3 20. Qc2 Nd7 21. B@g4 Nh6 22. N@d1 Nxg4 
23. fxg4 Bg5 24. N@f3 e5 25. Nxg5 fxg5 26. N@f5 B@g6 27. B@e7 exd4 28. Bxd8 
Raxd8 29. cxd4 B@d6 30. Qd2 Bxf5 31. gxf5 N@e4 32. Qe3 N@g3+ 33. hxg3 Nxg3+ 
34. Kg1 P@h2+ 35. Kf2 Nxf1 36. Bxf1 P@g3+ 37. Ke2 Rfe8 38. P@e6 Nf6 39. exf7+ 
Kh8 40. fxe8=Q+ Rxe8 41. N@f7+ Kg8 42. Q@h8+ Kxf7 43. B@e6+ Ke7 44. R@f7+ Kd8 
45. Qxe8+ Nxe8 46. R@b8+ N@c8 47. Bxc8 Q@c2+ 48. P@d2 P@d3+ 49. Ke1 Bxc8 50. N@b7# 
{venomous checkmated} 1-0

[Event "fics rated crazyhouse match"]
[Site "fics, Oklahoma City, OK USA"]
[Date "2000.01.30"]
[White "venomous"]
[WhiteElo "2431"]
[Black "Thufir"]
[BlackElo "2339"]
[TimeControl "60+0"]
[Result "0-1"]

1. e4 e6 2. d4 Nc6 3. Be3 Nf6 4. Bd3 d6 5. Nf3 Be7 6. Nc3 
O-O 7. O-O Ng4 8. Qe2 e5 9. d5 Nb8 10. Rae1 c6 11. dxc6 bxc6 
12. P@h3 Nxe3 13. fxe3 P@g4 14. hxg4 Bxg4 15. P@h3 Bxf3 16. Qxf3 N@h4 17. Qf2 
B@b6 18. N@f5 Nxf5 19. exf5 P@f4 20. B@d2 fxe3 21. Bxe3 Bxe3 22. Rxe3 P@f4 
23. P@b7 fxe3 24. Qxe3 B@d4 25. Qxd4 exd4 26. bxa8=Q N@e3 27. R@g3 R@g5 28. Rxg5 
Bxg5 29. N@b7 Qe7 30. R@e4 Qxe4 31. Nxe4 Nxf1 32. P@e7 Bxe7 33. Kxf1 Q@c1+ 
34. B@e1 R@h1+ 35. B@g1 P@e3 36. Qxb8 Rxg1+ 37. Kxg1 Qxe1+ 38. R@f1 B@f2+ 39. Kh1 
R@g1# 
{venomous resigns} 0-1

[Event "fics rated crazyhouse match"]
[Site "fics, Oklahoma City, OK USA"]
[Date "2000.01.30"]
[White "Igy"]
[WhiteElo "2214"]
[Black "Gobi"]
[BlackElo "2299"]
[TimeControl "180+0"]
[Result "0-1"]

1. e4 e5 2. Nf3 Nc6 3. Bc4 Bc5 4. O-O Nf6 5. Nc3 d6 6. Ng5 
O-O 7. d3 Bg4 8. Qe1 Nd4 9. Qd2 c6 10. h3 Bh5 11. Na4 b5 
12. Nxc5 dxc5 13. Bxf7+ Bxf7 14. Nxf7 Rxf7 15. B@d1 N@h4 16. B@h1 B@f4 17. P@g3 
Bxd2 18. Bxd2 N@e2+ 19. Kh2 Nxe4 20. dxe4 Rxf2 21. Bxe2 Nhf3+ 22. Bxf3 Nxf3# 
{Igy checkmated} 0-1

[Event "fics rated crazyhouse match"]
[Site "fics, Oklahoma City, OK USA"]
[Date "2000.01.30"]
[White "Thufir"]
[WhiteElo "2349"]
[Black "venomous"]
[BlackElo "2421"]
[TimeControl "60+0"]
[Result "0-1"]

1. e4 e6 2. d4 Nc6 3. Nf3 Bb4+ 4. c3 Be7 5. Bd3 d6 6. O-O 
Nf6 7. Be3 O-O 8. e5 dxe5 9. dxe5 Ng4 10. P@d4 P@f5 11. Nfd2 Nxe3 
12. fxe3 B@h6 13. Qe2 Beg5 14. N@d1 f6 15. e4 fxe5 16. dxe5 Nxe5 17. exf5 
Qxd3 18. Qxd3 Nxd3 19. P@g6 hxg6 20. fxg6 Rxf1+ 21. Nxf1 B@c5+ 22. P@f2 Bxf2+ 
23. Nxf2 R@h1+ 24. Kxh1 Nxf2+ 25. Kg1 Q@h1+ 26. Kxf2 Be3+ 27. Ke2 Qxg2+ 28. P@f2 
Qxf2+ 29. Kd3 Qxf1+ 30. B@e2 N@e5+ 31. Ke4 Qf5# 
{Thufir checkmated} 0-1

[Event "fics rated crazyhouse match"]
[Site "fics, Oklahoma City, OK USA"]
[Date "2000.01.30"]
[White "venomous"]
[WhiteElo "2427"]
[Black "Thufir"]
[BlackElo "2343"]
[TimeControl "60+0"]
[Result "1-0"]

1. e4 e6 2. d4 Nc6 3. Be3 Nf6 4. Bd3 d6 5. Nf3 Be7 6. Nc3 
O-O 7. O-O e5 8. d5 Nb8 9. Qe2 Bg4 10. Rae1 c6 11. dxc6 Nxc6 
12. P@h3 Bxf3 13. Qxf3 P@d4 14. Bc4 dxe3 15. fxe3 N@h4 16. Qf2 Nh5 17. B@g4 
B@g6 18. P@f5 Nxf5 19. exf5 P@d4 20. fxg6 hxg6 21. Bxf7+ Rxf7 22. Qxf7+ Kh8 
23. Bxh5 B@h7 24. Bxg6 dxc3 25. Bxh7 N@h6 26. N@g6+ Kxh7 27. Qf3 B@e6 28. Nxe7 
Nxe7 29. P@g5 N@h4 30. Qg3 N6f5 31. R@h5+ P@h6 32. Qxh4 Nxh4 33. Rxh4 Q@g6 
34. B@d3 Bf5 35. Bxf5 Nxf5 36. B@d3 B@e6 37. P@g4 Qf8 38. gxf5 Bxf5 39. Bxf5 
Qgxf5 40. Rxf5 Qxf5 41. B@e4 P@f2+ 42. Kf1 fxe1=Q+ 43. Kxe1 B@d2+ 44. Ke2 R@e1+ 
45. Kd3 R@d5+ 46. P@d4 Rxe3+ 47. Kc4 
{Thufir forfeits on time} 1-0

[Event "fics rated crazyhouse match"]
[Site "fics, Oklahoma City, OK USA"]
[Date "2000.01.30"]
[White "Thufir"]
[WhiteElo "2337"]
[Black "venomous"]
[BlackElo "2433"]
[TimeControl "60+0"]
[Result "0-1"]

1. e4 e6 2. d4 Nc6 3. Nf3 Nf6 4. e5 Nd5 5. Be2 d6 6. O-O 
dxe5 7. Nxe5 Nxe5 8. dxe5 Bd7 9. Nc3 Nxc3 10. bxc3 Bc6 11. P@f3 N@h4 
12. N@d4 Nxg2 13. Kxg2 P@g4 14. N@e3 gxf3+ 15. Bxf3 N@h4+ 16. Kh1 Nxf3 17. Nxf3 
Qxd1 18. Rxd1 Bxf3+ 19. P@g2 Bxd1 20. Nxd1 R@e1+ 21. B@g1 Rxd1 22. Q@e2 Rad8 
23. N@e3 Rxg1+ 24. Kxg1 B@c6 25. N@f4 N@h4 26. R@g3 N@f5 27. Nxf5 Nxf5 28. Be3 
Nxg3 29. hxg3 P@b2 30. Rf1 R@a1 31. Nh5 Rxf1+ 32. Qxf1 B@e7 33. R@d1 Rxd1 
34. Qxd1 R@a1 35. R@b1 Rxb1 36. Qxb1 R@a1 37. R@f1 Rxb1 38. Rxb1 R@a1 39. R@f1 
Rxb1 40. Rxb1 Q@e2 41. R@f1 Qxh5 42. N@h3 P@e2 43. N@f4 exf1=Q+ 44. Rxf1 Qg4 
45. P@f3 Qf5 46. g4 Qxe5 47. Re1 Qxc3 48. Rf1 Qxc2 49. Nd3 b1=Q 50. Ndf4 
Qxf1+ 51. Kxf1 R@d1# 
{Thufir checkmated} 0-1

[Event "fics rated crazyhouse match"]
[Site "fics, Oklahoma City, OK USA"]
[Date "2000.01.30"]
[White "Gobi"]
[WhiteElo "2305"]
[Black "Igy"]
[BlackElo "2208"]
[TimeControl "180+0"]
[Result "1-0"]

1. e4 Nf6 2. Nc3 d5 3. exd5 Nxd5 4. Bc4 e6 5. d4 Bb4 6. Bd2 
Nc6 7. Nge2 Bxc3 8. Bxc3 P@e3 9. O-O N@g4 10. Bxd5 exd5 11. Nf4 exf2+ 
12. Kh1 B@e3 13. P@e6 Bxf4 14. Qxg4 Bxe6 15. Qxf4 N@g4 16. N@h5 P@e2 17. Nxg7+ 
Kd7 18. N@c5+ Kc8 19. Ngxe6 exf1=Q+ 20. Rxf1 P@e2 21. Rxf2 Nxf2+ 22. Qxf2 R@f1+ 
23. B@g1 fxe6 24. P@d7+ Qxd7 25. Nxd7 Rxf2 26. Nc5 Rf7 27. P@a6 Rb8 28. axb7+ 
Rxb7 29. B@a6 Kd8 30. Nxb7# 
{Igy forfeits on time} 1-0

[Event "fics rated crazyhouse match"]
[Site "fics, Oklahoma City, OK USA"]
[Date "2000.01.30"]
[White "venomous"]
[WhiteElo "2439"]
[Black "Thufir"]
[BlackElo "2331"]
[TimeControl "60+0"]
[Result "1-0"]

1. e4 e6 2. d3 d6 3. Nf3 Nc6 4. Nc3 Nf6 5. Be2 Be7 6. Bg5 
O-O 7. O-O h6 8. Bh4 Ne5 9. Nxe5 dxe5 10. Bxf6 Bxf6 11. N@g4 B@g5 
12. Nxf6+ gxf6 13. N@h5 N@g6 14. B@e3 N@f4 15. Bxf4 exf4 16. N@g4 B@h7 17. d4 
e5 18. dxe5 Bxg4 19. Qxd8 Bxh5 20. Qxf8+ Rxf8 21. Bxh5 Nxe5 22. P@e7 Re8 
23. R@d8 Q@c6 24. Q@f8+ Rxf8 25. exf8=Q# 
{Thufir checkmated} 1-0

[Event "fics rated crazyhouse match"]
[Site "fics, Oklahoma City, OK USA"]
[Date "2000.01.30"]
[White "Thufir"]
[WhiteElo "2325"]
[Black "venomous"]
[BlackElo "2445"]
[TimeControl "60+0"]
[Result "0-1"]

1. e4 e6 2. d4 Nc6 3. Nf3 Nf6 4. e5 Nd5 5. Be2 d6 6. O-O 
dxe5 7. Nxe5 Nxe5 8. dxe5 Bd7 9. c4 Nb6 10. Nc3 Bc6 11. P@d5 exd5 
12. cxd5 Nxd5 13. P@e4 Nxc3 14. Qxd8+ Rxd8 15. bxc3 Bxe4 16. N@g5 Q@d5 17. Q@a4+ 
N@c6 18. Qxe4 Qxe4 19. Nxe4 P@h3 20. N@f6+ gxf6 21. Nxf6+ Ke7 22. Q@g5 N@e6 
23. Ba3+ P@d6 24. exd6+ cxd6 25. B@g3 Nxg5 26. Bgxd6+ Rxd6 27. Bxd6+ Kxd6 28. R@d5+ 
Ke6 29. P@f5+ Kxf6 30. Rd3 hxg2 31. Kxg2 N@f4+ 32. Kg3 Nxd3 33. P@e5+ Ndxe5 
34. f4 N@e4+ 35. Kh4 R@h3# 
{Thufir checkmated} 0-1

[Event "fics rated crazyhouse match"]
[Site "fics, Oklahoma City, OK USA"]
[Date "2000.01.30"]
[White "Igy"]
[WhiteElo "2202"]
[Black "Gobi"]
[BlackElo "2311"]
[TimeControl "180+0"]
[Result "0-1"]

1. e4 e5 2. Nc3 Nc6 3. Nf3 Bc5 4. Bc4 Nf6 5. O-O O-O 6. d3 
d6 7. Bg5 Be6 8. Bxe6 fxe6 9. B@b3 Qe8 10. Bxf6 Rxf6 11. Ng5 Rxf2 
12. Rxf2 Bxf2+ 13. Kxf2 B@h4+ 14. Kg1 P@f2+ 15. Kh1 R@g1+ 16. Qxg1 fxg1=Q+ 17. Kxg1 
B@e3+ 18. Kh1 Bhxg5 19. B@g3 Nd4 20. P@f5 Nxb3 21. axb3 exf5 22. exf5 P@h4 
23. Ne4 hxg3 24. hxg3 N@g4 25. R@h5 Qxh5+ 26. R@h3 Qxh3+ 27. gxh3 R@h2# 
{Igy checkmated} 0-1

[Event "fics rated crazyhouse match"]
[Site "fics, Oklahoma City, OK USA"]
[Date "2000.01.30"]
[White "venomous"]
[WhiteElo "2450"]
[Black "Thufir"]
[BlackElo "2320"]
[TimeControl "60+0"]
[Result "1-0"]

1. e4 e6 2. d4 Nc6 3. Be3 Nf6 4. Bd3 d6 5. Nf3 Be7 6. Nc3 
O-O 7. O-O Ng4 8. Qe2 Nb4 9. Rae1 Nxd3 10. cxd3 f5 11. exf5 exf5 
12. d5 B@h5 13. P@e6 P@b4 14. N@f4 bxc3 15. Nxh5 N@e5 16. Nxe5 dxe5 17. B@f7+ 
Kh8 18. f3 Nxe3 19. Qxe3 B@d4 20. Qxd4 exd4 21. N@e5 Bf6 22. Nxf6 Qxf6 
23. N@h5 Qg5 24. B@g3 N@d2 25. B@f4 Qe7 26. Bxd2 N@e8 27. N@g6+ hxg6 28. Nxg6+ 
Kh7 29. Nxe7 N@h8 30. Bxe8 Rxe8 31. N@g5+ Kh6 32. Q@h7# 
{Thufir checkmated} 1-0

[Event "fics rated crazyhouse match"]
[Site "fics, Oklahoma City, OK USA"]
[Date "2000.01.30"]
[White "Thufir"]
[WhiteElo "2315"]
[Black "venomous"]
[BlackElo "2455"]
[TimeControl "60+0"]
[Result "1-0"]

1. e4 e6 2. d4 Nc6 3. Nc3 Nf6 4. e5 Nd5 5. Nxd5 exd5 6. Nf3 
d6 7. Bg5 Be7 8. Bxe7 Qxe7 9. N@h5 N@f5 10. Bb5 B@g4 11. Bxc6+ bxc6 
12. N@f6+ gxf6 13. Nxf6+ Kd8 14. Nxg4 Nxd4 15. B@f6 Nxf3+ 16. Qxf3 B@a5+ 17. P@c3 
Bxg4 18. Bxe7+ Kc8 19. B@f5+ Bxf5 20. Qxf5+ B@e6 21. Qd3 P@b7 22. exd6 cxd6 
23. Bxd6 P@e4 24. N@e7+ Kd7 25. Bg3 N@c5 26. Q@d6+ Ke8 27. Qd2 N@d7 28. P@g7 
Rg8 29. Nxg8 N@f5 30. R@f8# 
{venomous resigns} 1-0

[Event "fics rated crazyhouse match"]
[Site "fics, Oklahoma City, OK USA"]
[Date "2000.01.30"]
[White "venomous"]
[WhiteElo "2444"]
[Black "Thufir"]
[BlackElo "2326"]
[TimeControl "60+0"]
[Result "1-0"]

1. e3 e6 2. b3 Nc6 3. Bb2 Nf6 4. Nf3 Be7 5. Bb5 O-O 6. O-O 
d5 7. d3 Bd7 8. Nbd2 a6 9. Bxc6 Bxc6 10. Ne5 B@d7 11. Nxc6 bxc6 
12. N@e5 Bd6 13. Ndf3 Bxe5 14. Nxe5 N@g6 15. B@b7 Nxe5 16. Bxe5 N@a5 17. Bxa8 
N@g6 18. Bxf6 Qxf6 19. N@h5 Qc3 20. B@d4 Qxa1 21. Bxa1 B@h6 22. N@g4 f6 
23. Nxh6# 
{Thufir resigns} 1-0

[Event "fics rated crazyhouse match"]
[Site "fics, Oklahoma City, OK USA"]
[Date "2000.01.30"]
[White "Gobi"]
[WhiteElo "2317"]
[Black "Igy"]
[BlackElo "2196"]
[TimeControl "180+0"]
[Result "0-1"]

1. e4 e6 2. Nc3 d5 3. d4 Bb4 4. e5 Ne7 5. Bd3 Nbc6 6. Ne2 
Nf5 7. a3 Be7 8. Bxf5 exf5 9. Nf4 B@e4 10. f3 Bxc2 11. Qxc2 Nxd4 
12. Qd1 Bc5 13. Ncxd5 P@g5 14. B@a4+ P@c6 15. P@e7 Bxe7 16. Qxd4 gxf4 17. N@h5 
N@e6 18. Nxg7+ Nxg7 19. N@f6+ Kf8 20. P@h6 Ne6 21. Nxe7 Qxd4 22. B@e3 fxe3 
{Gobi resigns} 0-1

[Event "fics rated crazyhouse match"]
[Site "fics, Oklahoma City, OK USA"]
[Date "2000.01.30"]
[White "Thufir"]
[WhiteElo "2321"]
[Black "venomous"]
[BlackElo "2449"]
[TimeControl "60+0"]
[Result "0-1"]

1. e4 e6 2. d4 Nc6 3. Nf3 Nf6 4. e5 Nd5 5. Be2 d6 6. exd6 
cxd6 7. O-O P@g4 8. Ng5 Be7 9. Nxf7 Kxf7 10. Bxg4 N@f6 11. c4 Nxg4 
12. Qxg4 Nf6 13. N@g5+ Kf8 14. Qd1 B@h6 15. Be3 Bxg5 16. Bxg5 Nxd4 17. P@c3 
P@e2 18. cxd4 exd1=Q 19. Rxd1 N@e2+ 20. Kh1 Ne4 21. Bxe7+ Qxe7 22. B@e3 B@c2 
23. Rf1 Bxb1 24. Raxb1 N@g4 25. N@h3 Q@f7 26. P@f3 Nxe3 27. fxe3 Nd2 28. N@g5 
Nxf1 29. Rxf1 Qxg5 30. B@g3 Nxg3+ 31. hxg3 Qxg3 32. B@h2 Qxh3 33. gxh3 P@g2+ 
34. Kxg2 N@h4+ 35. Kf2 R@g2+ 36. Ke1 N@c2+ 37. Kd1 Nxe3+ 38. Ke1 P@d2# 
{Thufir checkmated} 0-1

[Event "fics rated crazyhouse match"]
[Site "fics, Oklahoma City, OK USA"]
[Date "2000.01.30"]
[White "venomous"]
[WhiteElo "2454"]
[Black "Thufir"]
[BlackElo "2316"]
[TimeControl "60+0"]
[Result "1-0"]

1. e4 e6 2. d4 Nc6 3. Be3 Nf6 4. Bd3 d5 5. e5 Ne4 6. Nh3 
f5 7. exf6 Nxf6 8. O-O P@e4 9. Bb5 Bd7 10. Nc3 Be7 11. f3 exf3 
12. Qxf3 O-O 13. P@g5 Ne4 14. P@f6 gxf6 15. Nxe4 dxe4 16. N@h6+ Kh8 17. Qxe4 
P@f5 18. Qd3 fxg5 19. Bxc6 Bxc6 20. Bxg5 B@g6 21. Bxe7 Qxe7 22. B@e5+ P@f6 
23. Bxf6+ Qxf6 24. P@g5 Qd8 25. P@f6 N@h5 26. P@g7+ Nxg7 27. fxg7+ Kxg7 28. N@e5 
P@g4 29. Nxc6 bxc6 30. B@e5+ P@f6 31. gxf6+ Rxf6 32. Bxf6+ Qxf6 33. P@g5 Qd8 
34. Nxg4 fxg4 35. P@f6+ Kg8 36. N@h6+ Kh8 37. Nf4 N@f5 38. Nxg6+ hxg6 39. B@g7+ 
Nxg7 40. fxg7+ Kxg7 41. R@f7+ Kh8 42. Qxg6 B@e3+ 43. Kh1 
{Thufir resigns} 1-0

[Event "fics rated crazyhouse match"]
[Site "fics, Oklahoma City, OK USA"]
[Date "2000.01.30"]
[White "Thufir"]
[WhiteElo "2311"]
[Black "venomous"]
[BlackElo "2459"]
[TimeControl "60+0"]
[Result "0-1"]

1. e4 e6 2. d4 Nc6 3. Nf3 Nf6 4. e5 Nd5 5. Be2 d6 6. O-O 
dxe5 7. dxe5 P@e4 8. Ng5 Nxe5 9. Nxe4 P@f5 10. Nec3 Nxc3 11. Nxc3 Qxd1 
12. Bxd1 Bd7 13. Bf4 Bd6 14. Bxe5 Bxe5 15. P@g3 B@d6 16. P@f4 Bxc3 17. bxc3 
Bc6 18. B@f3 N@e4 19. N@h5 Rg8 20. Bxe4 fxe4 21. N@f6+ gxf6 22. Nxf6+ Ke7 
23. Nxg8+ Rxg8 24. P@g5 Kd7 25. N@f6+ Kc8 26. Nxg8 e3 27. fxe3 N@h3# 
{Thufir resigns} 0-1

[Event "fics rated crazyhouse match"]
[Site "fics, Oklahoma City, OK USA"]
[Date "2000.01.30"]
[White "Igy"]
[WhiteElo "2207"]
[Black "Gobi"]
[BlackElo "2306"]
[TimeControl "180+0"]
[Result "0-1"]

1. e4 e5 2. Nf3 Nc6 3. Bc4 Bc5 4. O-O Nf6 5. d3 d6 6. Nc3 
Bg4 7. Be3 O-O 8. h3 Bxf3 9. Qxf3 N@d4 10. Qd1 Na5 11. B@h4 Nxc4 
12. dxc4 B@e7 13. Bxd4 Bxd4 14. N@f5 B@g6 15. Nxe7+ Qxe7 16. Nd5 Nxd5 17. Bxe7 
Nxe7 18. c3 Bb6 19. B@d3 N@f4 20. N@f5 Bxf5 21. exf5 N@g3 22. Qg4 N@e2+ 
23. Bxe2 Nfxe2+ 24. Kh2 Nxf1+ 25. Rxf1 B@f4+ 26. B@g3 Bxg3+ 27. fxg3 B@g1+ 28. Rxg1 
Bxg1# 
{Igy resigns} 0-1

[Event "fics rated crazyhouse match"]
[Site "fics, Oklahoma City, OK USA"]
[Date "2000.01.30"]
[White "venomous"]
[WhiteElo "2464"]
[Black "Thufir"]
[BlackElo "2306"]
[TimeControl "60+0"]
[Result "0-1"]

1. e3 e6 2. b3 Nc6 3. Bb2 Nf6 4. Nf3 Be7 5. Nc3 d6 6. Bb5 
O-O 7. O-O Bd7 8. d4 e5 9. Bxc6 Bxc6 10. dxe5 Bxf3 11. Qxf3 dxe5 
12. Rad1 B@g4 13. Qxb7 P@e2 14. Nxe2 Bxe2 15. Rxd8 Raxd8 16. Re1 R@d1 17. Q@b4 
Rxe1+ 18. Qxe1 R@d1 19. R@c1 Rxe1+ 20. Rxe1 Bh5 21. B@d3 N@g6 22. N@f5 N@h4 
23. Nxh4 Nxh4 24. R@g3 Ng4 25. N@f5 Nxf5 26. Bxf5 N@g6 27. Bxg6 fxg6 28. P@e6 
B@h4 29. P@f7+ Kh8 30. Bxe5 Bxg3 31. Bxg7+ Kxg7 32. P@h6+ Kxh6 33. P@g5+ Bxg5 
34. N@g8+ Kg7 35. N@e8+ Rdxe8 36. fxe8=N+ Rxe8 37. R@f7+ Kxg8 38. Qf3 Bxh2+ 39. Kh1 
B@f6 40. Rxf6 Bxf6 41. P@f7+ Kh8 42. fxe8=Q+ N@g8 43. Qxf6+ Nxf6 44. Qxg8+ Nxg8 
45. N@f7+ Kg7 46. B@h8+ Kf8 47. R@d8+ Ke7 48. Rd7+ Kxe6 
{venomous forfeits on time} 0-1